 Dungeon Crawl Stone Soup version 0.31-a0-175-g9f7f995f2b (webtiles) character file.

Game seed: 1264130748589518018

1165 Maxmaps the Skirmisher (level 8, -4/56 HPs)
             Began as a Formicid Hunter on June 17, 2023.
             Slain by a troll (16 damage)
             ... on level 5 of the Dungeon.
             The game lasted 00:03:42 (2924 turns).

Maxmaps the Skirmisher (Formicid Hunter)            Turns: 2924, Time: 00:03:43

Health: -4/56      AC:  4    Str: 20    XL:     8   Next: 67%
Magic:  8/8        EV: 17    Int:  8    God:
Gold:   187        SH:  0    Dex: 22    Spells: 7/7 levels left

rFire   + . .        a - +0 shortbow
rCold   . . .        (no shield)
rNeg    . . .        c - +0 leather armour
rPois   .            (helmet unavailable)
rElec   +            s - +0 cloak
rCorr   +            (no gloves)
SInv    +            (no boots)
Will    .....        (no amulet)
Stlth   ++           l - ring "Sein" {rElec rF+ Will- rCorr Str+3 Dex+3}
HPRegen 0.29/turn    m - +5 ring of evasion
MPRegen 0.11/turn

%: no passive effects
@: no status effects
A: permanent stasis, dig shafts and tunnels, antennae 3, four strong arms
a: Dig, Shaft Self


You were on level 5 of the Dungeon.
You visited 1 branch of the dungeon, and saw 5 of its levels.

You collected 187 gold pieces.

Inventory:

Hand Weapons
 a - a +0 shortbow (weapon)
Missiles
 i - 3 throwing nets
Armour
 c - a +0 leather armour (worn)
 s - a +0 cloak (worn)
Jewellery
 d - a ring of ice
 l - the ring "Sein" (left hand) {rElec rF+ Will- rCorr Str+3 Dex+3}
   (You found it on level 2 of the Dungeon)

   [ring of resist corrosion]

   Str:       It affects your strength (+3).
   Dex:       It affects your dexterity (+3).
   rF:        It protects you from fire.
   rElec:     It insulates you from electricity.
   rCorr:     It protects you from acid and corrosion.
   Will:      It decreases your willpower.
 m - a +5 ring of evasion (right hand)
 p - a ring of poison resistance
Scrolls
 b - a scroll of butterflies
 e - 4 scrolls of teleportation {unknown}
 h - 3 scrolls of identify {unknown}
 j - a scroll of revelation {unknown}
 k - a scroll of fear {unknown}
 n - 2 scrolls of amnesia {unknown}
 r - a scroll of enchant weapon {unknown}
 t - a scroll of blinking {unknown}
 u - a scroll of torment {unknown}
 x - a scroll of acquirement {unknown}
Potions
 f - a potion of berserk rage
 o - a potion of lignification {unknown}
 q - a potion of degeneration {unknown}
 v - a potion of haste {unknown}
 w - 2 potions of curing {unknown}


   Skills:
 - Level 2.1 Fighting
 + Level 10.6 Ranged Weapons
 - Level 1.7 Dodging
 - Level 1.2 Stealth


You had 7 spell levels left.
You didn't know any spells.
Your spell library contained the following spells:

 Spells                   Type           Power      Damage    Failure   Level
 Freeze                   Ice            0%         1d3       45%         1
 Kiss of Death            Conj/Necr      0%         2d5       45%         1
 Confusing Touch          Hex            0%         N/A       83%         3
 Frozen Ramparts          Ice            0%         1d1       83%         3
 Gell's Gravitas          Tloc           0%         N/A       83%         3
 Hailstorm                Conj/Ice       0%         3d3       83%         3
 Portal Projectile        Hex/Tloc       0%         N/A       83%         3
 Teleport Other           Tloc           0%         N/A       83%         3
 Tukima's Dance           Hex            0%         N/A       83%         3
 Dispel Undead            Necr           0%         3d6       99%         4
 Blade Hands              Tmut           0%         N/A       100%        5
 Dispersal                Tloc           0%         N/A       100%        6


Dungeon Overview and Level Annotations

Branches:
Dungeon (5/15)
 Temple: D:4-7

Altars:
Vehumet


Innate Abilities, Weirdness & Mutations

You cannot be hasted, slowed, berserked, paralysed or teleported.
You can dig through walls and to a lower floor.
You have a pair of large antennae on your head. (SInv)
Your four strong arms can wield two-handed weapons with a shield.


Message History

Your life force feels restored.
Your Ranged Weapons skill gained 2 levels and is now at level 10!
You have reached level 8!
You feel stronger.
Fire: a) +0 shortbow
Press: ? - help, Shift-Dir - straight line, f - troll
Aim: a troll (69% to hit)
You shoot an arrow.
The arrow hits the troll but does no damage.
The troll closely misses you. The troll misses you.
The troll barely misses you.
Fire: a) +0 shortbow
Press: ? - help, Shift-Dir - straight line, f/p - troll
Aim: a troll (69% to hit)
You shoot an arrow. The arrow hits the troll!
The troll is moderately wounded.
The troll misses you. The troll claws you!
* * * LOW HITPOINT WARNING * * *
The troll completely misses you.
Fire: a) +0 shortbow
Press: ? - help, Shift-Dir - straight line, f/p - troll
Aim: a troll (lightly wounded, 69% to hit)
You shoot an arrow. The arrow hits the troll!
The troll is heavily wounded.
The troll completely misses you. The troll closely misses you.
The troll misses you.
Fire: a) +0 shortbow
Press: ? - help, Shift-Dir - straight line, f/p - troll
Aim: a troll (heavily wounded, 69% to hit)
You shoot an arrow. The arrow hits the troll.
The troll is heavily wounded.
The troll closely misses you. x2; The troll misses you.
Unknown command.
Fire: a) +0 shortbow
Press: ? - help, Shift-Dir - straight line, f/p - troll
Aim: a troll (heavily wounded, 69% to hit)
You shoot an arrow. The arrow hits the troll.
The troll is severely wounded.
The troll bites you!
You die...

...#
#####.#.#†#.#.#
# ...#
#.#.#.#.#.#.#
####
#...........#
##.......##
#####.#........
#.#########
##.# #T## ##@#
###


You could see a troll.

Vanquished Creatures
  A two-headed ogre (D:5)
  A black bear (D:4)
  2 orc priests (D:4)
  2 hounds (D:5)
  3 iguanas
  Terence (D:3)
  Natasha (D:2)
  2 orc wizards
  4 gnolls (D:3)
  5 adders
  17 orcs
  2 bats (D:2)
  6 endoplasms
  5 giant cockroaches
  13 hobgoblins
  4 jackals (D:3)
  7 kobolds
  6 quokkas
  4 ball pythons
  6 frilled lizards
  7 goblins
  4 rats
103 creatures vanquished.

Notes
Turn   | Place    | Note
-------+----------+-------------------------------------------
     0 | D:1      | Maxmaps the Formicid Hunter began the quest for the Orb.
     0 | D:1      | Reached XP level 1. HP: 16/16 MP: 1/1
    88 | D:1      | Reached XP level 2. HP: 22/22 MP: 2/2
   271 | D:1      | Reached XP level 3. HP: 27/27 MP: 3/3
   542 | D:2      | Reached skill level 5 in Ranged Weapons
   878 | D:2      | Identified the ring "Sein" {rElec rF+ Will- rCorr Str+3
                  | Dex+3}
  1029 | D:2      | Reached XP level 4. HP: 33/33 MP: 4/4
  1252 | D:2      | Noticed Natasha
  1263 | D:2      | Killed Natasha
  1455 | D:3      | Reached skill level 6 in Ranged Weapons
  1455 | D:3      | Reached XP level 5. HP: 28/38 MP: 5/5
  1841 | D:3      | Noticed Terence
  1856 | D:3      | Killed Terence
  1857 | D:3      | Reached XP level 6. HP: 40/44 MP: 6/6
  2229 | D:4      | Reached skill level 7 in Ranged Weapons
  2332 | D:4      | Noticed a black bear
  2336 | D:4      | Killed a black bear
  2337 | D:4      | Reached skill level 8 in Ranged Weapons
  2337 | D:4      | Reached XP level 7. HP: 50/50 MP: 7/7
  2363 | D:4      | Found a radiant altar of Vehumet.
  2787 | D:5      | Entered Level 5 of the Dungeon
  2895 | D:5      | Noticed a two-headed ogre
  2900 | D:5      | Noticed a troll
  2919 | D:5      | Killed a two-headed ogre
  2920 | D:5      | Reached skill level 10 in Ranged Weapons
  2920 | D:5      | Reached XP level 8. HP: 20/56 MP: 8/8
  2924 | D:5      | Slain by a troll

Illustrated notes

Levels and vault maps discovered:
D:1:      tarquinn_simple_flora_water_b, layout_rooms
D:2:      layout_loops_corners, grunt_ministairs_8, chequers_decorated_corner,
          uniq_natasha
D:3:      layout_rooms, kennysheep_minor_cross, nicolae_hexahallways,
          kennysheep_generic_room_11, uniq_terence
D:4:      layout_loops_ring, vehumet_crystals
D:5:      layout_basic, minmay_temple_entry_wispy, minmay_manual_maat,
          uniq_crazy_yiuf_cottage, uniq_sigmund

Skill      XL: |  1  2  3  4  5  6  7 |
---------------+----------------------+-----
Ranged Weapons | 5 6 8 10 | 10.6
Fighting       | |  2.1
Dodging        | |  1.7
Stealth        | |  1.2

Action                     |  1- 3 |  4- 6 |  7- 9 || total
---------------------------+-------+-------+-------++-------
   Fire: Shortbow          |   108 |   152 |    90 ||   350
Ability: Dig               |     1 |       |     2 ||     3
    Use: Potion            |       |       |     2 ||     2
 Armour: Leather armour    |     5 |     9 |     6 ||    20
  Dodge: Dodged            |    23 |    65 |    61 ||   149

Table legend: (Time is in decaauts)
 A = Elapsed time spent in this place.
 B = Non-inter-level travel time spent in this place.
 C = Inter-level travel time spent in this place.
 D = Time resting spent in this place.
 E = Time spent auto-exploring this place.
 F = Levels seen in this place.
 G = Mean time per level.
                   A        B        C        D        E       F      G
               +--------+--------+--------+--------+--------+-----+--------+
         Total |   2960 |   2889 |     71 |      0 |   2294 |   5 |  592.0 |
       Dungeon |   2960 |   2889 |     71 |      0 |   2294 |   5 |  592.0 |
               +--------+--------+--------+--------+--------+-----+--------+

Top non-repeatable levels by time:
     D:2: 968 daAuts
     D:3: 759 daAuts
     D:4: 620 daAuts
     D:1: 476 daAuts
     D:5: 136 daAuts
